General information
- name: BNet
- type: Ladder team game (AT/RT)
- host: Battle.net
- saver: RoganJosh.Yum
map: GoldRush
- players: 8
- length: 44:44
- speed: Fast
- version: 1.23 W3XP
- replay type:

» download(435 KB)
Players
team 1 (winner)
AlasPoorYorick (
red | 104 APM | 4629 actions | 44:40)
5 Goblin Tinker
3 Pocket Factory
2 Engineering Upgrade
5 Dark Ranger
2 Black Arrow
3 Silence
» actions
| Assign group hotkey | 7 | |
| Basic commands | 600 | |
| Build / train | 102 | |
| ESC pressed | 7 | |
| Enter build submenu | 31 | |
| Enter hero's abilities submenu | 11 | |
| Give item / drop item | 2 | |
| Right click | 2348 | |
| Select / deselect | 691 | |
| Select group hotkey | 687 | |
| Use ability | 141 | |
4629 total
» units
| Wisp | 79 | |
| Forest Troll Shadow Priest | 1 | |
80 total
» upgrades
» buildings
| Altar of Elders | 2 | |
| Moon Well | 9 | |
| Ancient of Wonders | 2 | |
| Tree of Ages | 2 | |
| Hunter's Hall | 1 | |
| Ancient Protector | 6 | |
| Tree of Life | 8 | |
30 total
» build order
00:05 Altar of Elders
00:18 Moon Well
00:48 Moon Well
02:58 Ancient of Wonders
04:21 Moon Well
05:06 Tree of Ages
05:17 Moon Well
07:18 Hunter's Hall
08:34 Ancient Protector
10:10 Ancient Protector
11:01 Ancient Protector
11:22 Ancient Protector
13:12 Ancient Protector
14:13 Tree of Life
14:38 Ancient Protector
18:27 Tree of Life
18:54 Moon Well
20:24 Moon Well
22:08 Tree of Life
24:01 Tree of Life
24:31 Tree of Life
29:17 Moon Well
29:29 Moon Well
31:02 Moon Well
34:03 Tree of Life
34:43 Tree of Life
35:54 Tree of Life
40:55 Tree of Ages
43:35 Altar of Elders
43:39 Ancient of Wonders
» items
| Boots of Speed | 2 | |
| Circlet of Nobility | 1 | |
| Staff of Sanctuary | 1 | |
| Staff of Teleportation | 2 | |
| Scroll of Town Portal | 1 | |
7 total
MasonryUpgrade (
teal | 95 APM | 4257 actions | 44:40)
5 Firelord
3 Summon Lava Spawn
2 Soul Burn
» actions
| Assign group hotkey | 291 | |
| Basic commands | 46 | |
| Build / train | 436 | |
| ESC pressed | 5 | |
| Enter build submenu | 236 | |
| Enter hero's abilities submenu | 6 | |
| Give item / drop item | 8 | |
| Remove unit from queue | 4 | |
| Right click | 1354 | |
| Select / deselect | 1066 | |
| Select group hotkey | 39 | |
| Use ability | 764 | |
4257 total
» units
| Peasant | 51 | |
| Dragonhawk Rider | 6 | |
57 total
» upgrades
| Masonry | 3 | |
| Lumber Harvesting | 2 | |
| Magic Sentry | 1 | |
| Sorceress Training | 1 | |
| Priest Training | 1 | |
8 total
» buildings
| Altar of Kings | 4 | |
| Lumber Mill | 3 | |
| Farm | 11 | |
| Scout Tower | 584 | |
| Arcane Tower | 3 | |
| Town Hall | 4 | |
| Guard Tower | 336 | |
| Keep | 3 | |
| Arcane Vault | 3 | |
| Castle | 3 | |
| Blacksmith | 1 | |
| Arcane Sanctum | 1 | |
| Gryphon Aviary | 2 | |
958 total
» build order
00:04 Altar of Kings
00:20 Lumber Mill
00:21 Farm
00:59 Scout Tower
01:02 Scout Tower
01:18 Farm
01:48 Arcane Tower
03:00 Farm
03:18 Town Hall
03:29 Guard Tower
03:29 Guard Tower
04:37 Scout Tower
04:38 Scout Tower
04:40 Scout Tower
04:40 Scout Tower
04:53 Keep
04:56 Scout Tower
04:58 Scout Tower
04:59 Scout Tower
05:01 Scout Tower
05:08 Guard Tower
05:08 Guard Tower
05:40 Guard Tower
05:40 Guard Tower
05:42 Arcane Tower
05:42 Arcane Tower
05:43 Guard Tower
05:43 Guard Tower
06:15 Guard Tower
06:15 Guard Tower
06:36 Guard Tower
06:36 Guard Tower
06:42 Scout Tower
06:43 Scout Tower
06:43 Scout Tower
06:44 Scout Tower
06:45 Scout Tower
06:49 Town Hall
07:01 Arcane Vault
08:02 Castle
08:05 Guard Tower
08:05 Guard Tower
08:48 Blacksmith
08:51 Lumber Mill
09:10 Scout Tower
09:10 Scout Tower
09:11 Scout Tower
09:12 Scout Tower
10:16 Scout Tower
10:16 Scout Tower
10:17 Scout Tower
10:18 Scout Tower
10:18 Scout Tower
10:47 Guard Tower
11:12 Guard Tower
11:12 Guard Tower
11:23 Guard Tower
11:23 Guard Tower
11:26 Arcane Sanctum
11:29 Scout Tower
11:29 Scout Tower
11:30 Scout Tower
11:30 Scout Tower
11:31 Scout Tower
11:38 Guard Tower
11:38 Guard Tower
11:38 Guard Tower
11:50 Scout Tower
11:51 Scout Tower
11:52 Scout Tower
11:53 Scout Tower
11:53 Scout Tower
11:59 Guard Tower
11:59 Guard Tower
12:06 Scout Tower
12:07 Scout Tower
12:08 Scout Tower
12:08 Scout Tower
12:09 Scout Tower
12:09 Scout Tower
12:16 Scout Tower
12:17 Scout Tower
12:27 Scout Tower
12:28 Scout Tower
12:29 Scout Tower
12:29 Scout Tower
12:31 Scout Tower
12:33 Scout Tower
12:33 Scout Tower
12:34 Scout Tower
12:35 Scout Tower
12:40 Scout Tower
12:41 Scout Tower
12:41 Scout Tower
12:42 Scout Tower
12:43 Scout Tower
12:43 Scout Tower
12:45 Scout Tower
12:46 Guard Tower
12:46 Guard Tower
12:47 Guard Tower
12:53 Gryphon Aviary
12:57 Gryphon Aviary
12:58 Guard Tower
12:58 Guard Tower
13:06 Scout Tower
13:07 Scout Tower
13:08 Scout Tower
13:10 Scout Tower
13:10 Scout Tower
13:11 Scout Tower
13:12 Scout Tower
13:13 Scout Tower
13:14 Scout Tower
13:15 Scout Tower
13:17 Guard Tower
13:20 Scout Tower
13:23 Scout Tower
13:24 Scout Tower
13:24 Scout Tower
13:25 Scout Tower
13:27 Guard Tower
13:27 Guard Tower
13:31 Scout Tower
13:32 Scout Tower
13:32 Scout Tower
13:37 Scout Tower
13:38 Scout Tower
13:39 Scout Tower
13:40 Scout Tower
13:41 Scout Tower
13:42 Scout Tower
13:42 Scout Tower
13:44 Scout Tower
13:45 Scout Tower
13:45 Scout Tower
13:46 Scout Tower
13:46 Scout Tower
13:48 Guard Tower
13:48 Guard Tower
13:52 Guard Tower
13:52 Guard Tower
13:52 Guard Tower
13:58 Scout Tower
13:59 Scout Tower
14:00 Scout Tower
14:06 Scout Tower
14:07 Scout Tower
14:07 Scout Tower
14:08 Scout Tower
14:10 Guard Tower
14:11 Guard Tower
14:18 Scout Tower
14:18 Scout Tower
14:19 Scout Tower
14:20 Scout Tower
14:22 Scout Tower
14:22 Scout Tower
14:23 Scout Tower
14:34 Guard Tower
14:34 Guard Tower
14:52 Scout Tower
14:53 Scout Tower
14:54 Scout Tower
14:54 Scout Tower
14:55 Scout Tower
14:57 Scout Tower
14:57 Scout Tower
14:58 Scout Tower
15:02 Altar of Kings
15:09 Guard Tower
15:12 Guard Tower
15:12 Guard Tower
15:15 Scout Tower
15:17 Scout Tower
15:19 Scout Tower
15:20 Scout Tower
15:21 Scout Tower
15:22 Scout Tower
15:22 Scout Tower
15:23 Scout Tower
15:24 Guard Tower
15:25 Guard Tower
15:25 Guard Tower
15:32 Guard Tower
15:32 Guard Tower
15:35 Scout Tower
15:37 Scout Tower
15:38 Scout Tower
15:43 Scout Tower
15:44 Scout Tower
15:46 Scout Tower
15:48 Guard Tower
15:48 Guard Tower
16:02 Guard Tower
16:02 Guard Tower
16:07 Guard Tower
16:15 Scout Tower
16:15 Scout Tower
16:16 Scout Tower
16:16 Scout Tower
16:17 Scout Tower
16:18 Scout Tower
16:36 Guard Tower
16:36 Guard Tower
16:43 Guard Tower
16:44 Scout Tower
16:48 Scout Tower
16:49 Scout Tower
16:50 Scout Tower
16:51 Scout Tower
16:51 Scout Tower
16:52 Scout Tower
16:53 Scout Tower
16:54 Scout Tower
16:59 Guard Tower
17:03 Altar of Kings
17:07 Guard Tower
17:07 Guard Tower
17:13 Scout Tower
17:13 Scout Tower
17:14 Scout Tower
17:15 Scout Tower
17:16 Guard Tower
17:16 Guard Tower
17:21 Guard Tower
17:24 Scout Tower
17:24 Scout Tower
17:25 Scout Tower
17:26 Scout Tower
17:36 Guard Tower
17:37 Guard Tower
17:37 Guard Tower
17:38 Guard Tower
17:40 Guard Tower
17:40 Guard Tower
17:41 Guard Tower
17:41 Guard Tower
17:41 Guard Tower
17:45 Scout Tower
17:46 Scout Tower
17:46 Scout Tower
17:47 Scout Tower
17:48 Scout Tower
17:49 Scout Tower
17:50 Scout Tower
17:50 Scout Tower
17:51 Scout Tower
17:52 Scout Tower
17:53 Scout Tower
17:53 Scout Tower
18:13 Guard Tower
18:13 Guard Tower
18:16 Scout Tower
18:17 Scout Tower
18:18 Scout Tower
18:19 Scout Tower
18:22 Scout Tower
18:23 Scout Tower
18:24 Scout Tower
18:24 Scout Tower
18:25 Scout Tower
18:26 Scout Tower
18:26 Scout Tower
18:28 Guard Tower
18:28 Guard Tower
18:28 Guard Tower
18:37 Guard Tower
18:41 Scout Tower
18:42 Scout Tower
18:43 Scout Tower
18:44 Scout Tower
18:45 Scout Tower
18:46 Scout Tower
18:46 Scout Tower
18:50 Scout Tower
18:50 Scout Tower
18:51 Scout Tower
18:57 Scout Tower
18:58 Scout Tower
18:58 Scout Tower
18:59 Scout Tower
18:59 Scout Tower
19:00 Scout Tower
19:03 Guard Tower
19:04 Guard Tower
19:10 Guard Tower
19:10 Guard Tower
19:17 Scout Tower
19:19 Scout Tower
19:19 Scout Tower
19:21 Scout Tower
19:23 Scout Tower
19:24 Scout Tower
19:25 Scout Tower
19:26 Scout Tower
19:27 Scout Tower
19:27 Scout Tower
19:28 Scout Tower
19:31 Guard Tower
19:31 Guard Tower
19:35 Guard Tower
19:35 Guard Tower
19:41 Guard Tower
19:41 Guard Tower
19:53 Scout Tower
19:54 Scout Tower
19:55 Scout Tower
19:55 Scout Tower
19:57 Scout Tower
19:58 Scout Tower
19:59 Scout Tower
20:00 Scout Tower
20:02 Scout Tower
20:02 Scout Tower
20:10 Arcane Vault
20:13 Scout Tower
20:14 Scout Tower
20:15 Scout Tower
20:20 Scout Tower
20:21 Scout Tower
20:22 Scout Tower
20:22 Guard Tower
20:23 Guard Tower
20:26 Guard Tower
20:26 Guard Tower
20:29 Scout Tower
20:30 Scout Tower
20:30 Scout Tower
20:31 Scout Tower
20:32 Scout Tower
20:33 Scout Tower
20:33 Scout Tower
20:34 Scout Tower
20:35 Scout Tower
20:36 Scout Tower
20:36 Scout Tower
20:38 Scout Tower
20:44 Guard Tower
20:44 Guard Tower
20:49 Guard Tower
20:49 Guard Tower
21:08 Guard Tower
21:08 Guard Tower
21:14 Scout Tower
21:14 Scout Tower
21:15 Scout Tower
21:20 Scout Tower
21:20 Scout Tower
21:21 Scout Tower
21:22 Scout Tower
21:23 Scout Tower
21:29 Scout Tower
21:30 Scout Tower
21:31 Scout Tower
21:32 Scout Tower
21:34 Guard Tower
21:34 Guard Tower
21:43 Guard Tower
21:43 Guard Tower
21:43 Guard Tower
22:19 Scout Tower
22:19 Scout Tower
22:20 Scout Tower
22:20 Scout Tower
22:21 Scout Tower
22:22 Scout Tower
22:26 Scout Tower
22:27 Scout Tower
22:28 Scout Tower
22:29 Scout Tower
22:30 Scout Tower
22:30 Scout Tower
22:33 Guard Tower
22:33 Guard Tower
22:36 Guard Tower
22:36 Guard Tower
22:40 Scout Tower
22:41 Scout Tower
22:42 Scout Tower
22:43 Scout Tower
22:43 Scout Tower
22:45 Scout Tower
22:46 Scout Tower
22:46 Scout Tower
22:47 Scout Tower
22:48 Scout Tower
22:48 Scout Tower
22:49 Scout Tower
23:05 Scout Tower
23:06 Scout Tower
23:07 Scout Tower
23:07 Scout Tower
23:08 Scout Tower
23:09 Scout Tower
23:09 Scout Tower
23:11 Guard Tower
23:12 Guard Tower
23:16 Scout Tower
23:17 Scout Tower
23:17 Scout Tower
23:18 Scout Tower
23:20 Guard Tower
23:24 Guard Tower
23:24 Guard Tower
23:24 Guard Tower
23:42 Guard Tower
23:42 Guard Tower
23:53 Guard Tower
23:54 Guard Tower
23:55 Scout Tower
23:56 Scout Tower
23:57 Scout Tower
24:03 Scout Tower
24:03 Scout Tower
24:17 Guard Tower
24:17 Guard Tower
24:18 Scout Tower
24:19 Scout Tower
24:21 Scout Tower
24:21 Scout Tower
24:22 Scout Tower
24:25 Guard Tower
24:26 Guard Tower
24:32 Scout Tower
24:33 Scout Tower
24:33 Scout Tower
24:34 Scout Tower
24:35 Scout Tower
24:35 Scout Tower
25:09 Guard Tower
25:09 Guard Tower
25:19 Guard Tower
25:19 Guard Tower
25:40 Guard Tower
25:40 Guard Tower
25:42 Scout Tower
25:42 Scout Tower
25:43 Scout Tower
25:44 Scout Tower
25:44 Scout Tower
25:45 Scout Tower
25:46 Scout Tower
25:47 Scout Tower
25:51 Guard Tower
25:51 Guard Tower
26:13 Scout Tower
26:17 Scout Tower
26:18 Scout Tower
26:19 Scout Tower
26:20 Scout Tower
26:25 Guard Tower
26:25 Guard Tower
26:31 Guard Tower
26:32 Guard Tower
26:39 Scout Tower
26:39 Scout Tower
26:41 Scout Tower
26:41 Scout Tower
26:42 Scout Tower
26:45 Guard Tower
26:53 Scout Tower
26:54 Scout Tower
26:55 Scout Tower
26:55 Scout Tower
26:56 Scout Tower
26:57 Scout Tower
26:57 Scout Tower
26:58 Scout Tower
27:35 Guard Tower
27:36 Guard Tower
27:51 Scout Tower
27:52 Scout Tower
27:53 Scout Tower
27:55 Scout Tower
27:56 Scout Tower
27:57 Scout Tower
27:57 Scout Tower
28:01 Scout Tower
28:07 Scout Tower
28:07 Scout Tower
28:09 Guard Tower
28:11 Scout Tower
28:13 Scout Tower
28:14 Scout Tower
28:15 Scout Tower
28:17 Town Hall
28:20 Guard Tower
28:20 Guard Tower
28:25 Scout Tower
28:26 Scout Tower
28:26 Scout Tower
28:27 Scout Tower
28:34 Guard Tower
28:34 Guard Tower
29:27 Guard Tower
29:27 Guard Tower
29:29 Guard Tower
29:29 Guard Tower
29:32 Scout Tower
29:33 Scout Tower
29:33 Scout Tower
29:34 Scout Tower
29:34 Scout Tower
29:35 Scout Tower
29:35 Scout Tower
29:36 Scout Tower
29:37 Scout Tower
29:44 Scout Tower
29:45 Scout Tower
29:46 Scout Tower
29:47 Scout Tower
29:47 Scout Tower
29:48 Scout Tower
30:07 Guard Tower
30:07 Guard Tower
30:09 Guard Tower
30:09 Guard Tower
30:09 Guard Tower
30:29 Guard Tower
30:30 Guard Tower
30:32 Scout Tower
30:33 Scout Tower
30:34 Scout Tower
30:34 Scout Tower
30:35 Scout Tower
30:35 Scout Tower
30:36 Scout Tower
30:37 Scout Tower
30:37 Scout Tower
30:38 Scout Tower
30:40 Scout Tower
30:40 Scout Tower
30:41 Guard Tower
30:42 Guard Tower
30:42 Guard Tower
30:49 Guard Tower
30:49 Guard Tower
30:54 Scout Tower
30:54 Scout Tower
30:55 Scout Tower
30:55 Scout Tower
30:56 Scout Tower
31:00 Lumber Mill
31:03 Guard Tower
31:03 Guard Tower
31:23 Scout Tower
31:24 Scout Tower
31:24 Scout Tower
31:25 Scout Tower
31:26 Scout Tower
31:26 Scout Tower
31:27 Scout Tower
31:28 Scout Tower
31:28 Scout Tower
31:30 Scout Tower
31:30 Scout Tower
31:32 Scout Tower
31:41 Guard Tower
31:41 Guard Tower
31:44 Scout Tower
31:45 Scout Tower
31:46 Scout Tower
31:47 Scout Tower
31:48 Scout Tower
31:49 Scout Tower
31:50 Scout Tower
31:56 Scout Tower
31:56 Scout Tower
31:57 Scout Tower
31:59 Scout Tower
31:59 Scout Tower
32:07 Guard Tower
32:07 Guard Tower
32:08 Guard Tower
32:20 Farm
32:21 Farm
32:21 Farm
32:22 Farm
32:23 Farm
32:23 Farm
32:24 Farm
32:24 Farm
32:27 Guard Tower
32:27 Guard Tower
32:29 Scout Tower
32:30 Scout Tower
32:31 Scout Tower
32:31 Scout Tower
32:32 Scout Tower
32:34 Scout Tower
32:35 Scout Tower
32:36 Scout Tower
32:36 Scout Tower
32:38 Scout Tower
32:39 Scout Tower
32:41 Scout Tower
32:41 Scout Tower
32:42 Scout Tower
32:44 Scout Tower
32:45 Scout Tower
32:46 Scout Tower
32:46 Scout Tower
32:47 Scout Tower
32:48 Scout Tower
32:48 Scout Tower
33:08 Guard Tower
33:08 Guard Tower
33:12 Guard Tower
33:12 Guard Tower
33:36 Scout Tower
33:37 Scout Tower
33:37 Scout Tower
33:38 Scout Tower
33:39 Scout Tower
33:39 Scout Tower
33:44 Guard Tower
33:45 Guard Tower
33:50 Guard Tower
34:19 Guard Tower
34:20 Guard Tower
35:03 Guard Tower
35:03 Guard Tower
35:08 Scout Tower
35:09 Scout Tower
35:09 Scout Tower
35:10 Scout Tower
35:10 Scout Tower
35:11 Scout Tower
35:18 Scout Tower
35:19 Scout Tower
35:36 Altar of Kings
35:39 Guard Tower
35:39 Guard Tower
35:41 Scout Tower
35:43 Keep
35:48 Scout Tower
35:49 Scout Tower
35:50 Scout Tower
35:51 Scout Tower
35:51 Scout Tower
35:57 Scout Tower
35:58 Scout Tower
35:58 Scout Tower
35:59 Scout Tower
36:04 Arcane Vault
36:05 Guard Tower
36:06 Guard Tower
36:24 Guard Tower
36:38 Guard Tower
36:39 Scout Tower
36:40 Scout Tower
36:40 Scout Tower
36:44 Scout Tower
36:44 Scout Tower
36:45 Scout Tower
36:46 Scout Tower
36:47 Scout Tower
36:53 Scout Tower
36:54 Scout Tower
36:54 Scout Tower
36:56 Scout Tower
37:01 Scout Tower
37:02 Scout Tower
37:03 Scout Tower
37:04 Scout Tower
37:05 Scout Tower
37:06 Scout Tower
37:06 Scout Tower
37:09 Scout Tower
37:10 Scout Tower
37:13 Guard Tower
37:13 Guard Tower
37:30 Scout Tower
37:31 Scout Tower
37:31 Scout Tower
37:33 Scout Tower
37:34 Scout Tower
37:35 Scout Tower
37:36 Scout Tower
37:36 Scout Tower
37:37 Scout Tower
37:37 Scout Tower
37:38 Scout Tower
37:38 Scout Tower
37:39 Scout Tower
37:41 Scout Tower
37:41 Scout Tower
37:42 Scout Tower
37:43 Scout Tower
37:43 Scout Tower
37:44 Scout Tower
37:44 Scout Tower
37:46 Guard Tower
37:47 Guard Tower
37:47 Guard Tower
38:06 Scout Tower
38:07 Scout Tower
38:08 Scout Tower
38:08 Scout Tower
38:15 Guard Tower
38:15 Guard Tower
38:18 Guard Tower
38:19 Guard Tower
38:22 Guard Tower
38:22 Guard Tower
38:26 Guard Tower
38:28 Scout Tower
38:30 Scout Tower
38:30 Scout Tower
38:31 Scout Tower
38:31 Scout Tower
38:32 Scout Tower
38:33 Scout Tower
38:40 Guard Tower
38:40 Guard Tower
38:40 Guard Tower
38:44 Guard Tower
38:44 Guard Tower
38:45 Scout Tower
38:46 Scout Tower
38:46 Scout Tower
38:47 Scout Tower
38:57 Guard Tower
38:58 Guard Tower
38:58 Guard Tower
38:59 Guard Tower
38:59 Guard Tower
38:59 Guard Tower
39:03 Scout Tower
39:03 Scout Tower
39:04 Scout Tower
39:05 Scout Tower
39:06 Scout Tower
39:10 Guard Tower
39:10 Guard Tower
39:10 Guard Tower
39:18 Scout Tower
39:18 Scout Tower
39:21 Scout Tower
39:32 Guard Tower
39:32 Guard Tower
39:35 Scout Tower
39:36 Scout Tower
39:37 Scout Tower
39:38 Scout Tower
39:39 Scout Tower
39:41 Scout Tower
39:42 Scout Tower
39:42 Scout Tower
39:43 Scout Tower
39:44 Scout Tower
39:44 Scout Tower
39:51 Guard Tower
39:52 Guard Tower
40:19 Guard Tower
40:19 Guard Tower
40:33 Guard Tower
40:46 Scout Tower
40:48 Guard Tower
40:48 Guard Tower
40:51 Scout Tower
40:51 Scout Tower
40:52 Scout Tower
40:53 Scout Tower
40:53 Scout Tower
41:12 Guard Tower
41:12 Guard Tower
41:17 Guard Tower
41:19 Scout Tower
41:21 Scout Tower
41:21 Scout Tower
41:22 Scout Tower
41:22 Scout Tower
41:23 Scout Tower
41:24 Scout Tower
41:29 Guard Tower
41:31 Scout Tower
41:32 Scout Tower
41:33 Scout Tower
41:34 Scout Tower
41:34 Scout Tower
41:43 Scout Tower
41:44 Scout Tower
41:47 Guard Tower
41:50 Town Hall
41:54 Castle
42:04 Scout Tower
42:05 Scout Tower
42:05 Scout Tower
42:06 Scout Tower
42:07 Scout Tower
42:08 Scout Tower
42:13 Guard Tower
42:17 Scout Tower
42:18 Scout Tower
42:19 Scout Tower
42:20 Scout Tower
42:29 Guard Tower
42:29 Guard Tower
42:29 Guard Tower
42:32 Scout Tower
42:32 Scout Tower
42:34 Scout Tower
42:34 Scout Tower
42:40 Scout Tower
42:41 Scout Tower
42:41 Scout Tower
42:42 Scout Tower
42:46 Guard Tower
42:46 Guard Tower
42:47 Scout Tower
42:48 Scout Tower
42:48 Scout Tower
42:49 Scout Tower
42:50 Scout Tower
42:51 Scout Tower
42:52 Scout Tower
42:52 Scout Tower
42:53 Scout Tower
42:53 Scout Tower
42:54 Scout Tower
42:59 Scout Tower
43:00 Scout Tower
43:00 Scout Tower
43:01 Scout Tower
43:02 Scout Tower
43:03 Scout Tower
43:04 Scout Tower
43:05 Guard Tower
43:05 Guard Tower
43:10 Scout Tower
43:11 Scout Tower
43:14 Guard Tower
43:14 Guard Tower
43:26 Scout Tower
43:27 Scout Tower
43:31 Scout Tower
43:32 Scout Tower
43:33 Scout Tower
43:34 Scout Tower
43:40 Guard Tower
43:40 Guard Tower
43:42 Guard Tower
43:42 Guard Tower
43:49 Guard Tower
43:50 Guard Tower
43:52 Guard Tower
43:53 Guard Tower
43:56 Guard Tower
43:57 Guard Tower
44:00 Guard Tower
44:00 Guard Tower
44:02 Guard Tower
44:07 Guard Tower
44:08 Guard Tower
44:09 Scout Tower
44:09 Scout Tower
44:10 Scout Tower
44:11 Scout Tower
44:12 Scout Tower
44:13 Scout Tower
44:22 Guard Tower
44:24 Scout Tower
44:24 Scout Tower
44:25 Scout Tower
44:26 Scout Tower
44:26 Scout Tower
44:26 Scout Tower
» items
| Staff of Teleportation | 1 | |
| Boots of Speed | 1 | |
| Potion of Healing | 4 | |
| Potion of Mana | 2 | |
| Healing Salve | 1 | |
| Lesser Clarity Potion | 1 | |
| Scroll of Regeneration | 1 | |
| Scroll of Town Portal | 1 | |
12 total
RoganJosh.Yum (
blue | 85 APM | 3805 actions | 44:44)
5 Mountain King
3 Storm Bolt
2 Bash
5 Paladin
3 Holy Light
2 Divine Shield
» actions
| Assign group hotkey | 541 | |
| Basic commands | 6 | |
| Build / train | 112 | |
| ESC pressed | 11 | |
| Enter build submenu | 56 | |
| Enter hero's abilities submenu | 11 | |
| Give item / drop item | 10 | |
| Remove unit from queue | 12 | |
| Right click | 2060 | |
| Select / deselect | 584 | |
| Select group hotkey | 246 | |
| Use ability | 156 | |
3805 total
» units
| Peasant | 18 | |
| Sorceress | 2 | |
| Rifleman | 3 | |
| Gryphon Rider | 2 | |
25 total
» upgrades
| Masonry | 2 | |
| Magic Sentry | 1 | |
| Sorceress Training | 2 | |
| Priest Training | 3 | |
| Defend | 0 | |
| Long Rifles | 1 | |
| Gunpowder | 3 | |
| Lumber Harvesting | 2 | |
| Armor | 1 | |
15 total
» buildings
| Altar of Kings | 2 | |
| Farm | 12 | |
| Lumber Mill | 1 | |
| Scout Tower | 39 | |
| Arcane Tower | 2 | |
| Guard Tower | 17 | |
| Arcane Vault | 1 | |
| Keep | 2 | |
| Town Hall | 2 | |
| Barracks | 2 | |
| Arcane Sanctum | 1 | |
| Castle | 3 | |
| Blacksmith | 1 | |
| Gryphon Aviary | 2 | |
87 total
» build order
00:04 Altar of Kings
00:05 Farm
00:36 Lumber Mill
01:19 Farm
01:29 Scout Tower
01:59 Arcane Tower
02:03 Scout Tower
02:23 Scout Tower
02:59 Guard Tower
03:01 Scout Tower
03:34 Guard Tower
03:36 Scout Tower
03:37 Scout Tower
03:44 Arcane Vault
04:01 Farm
04:07 Guard Tower
04:08 Guard Tower
04:38 Keep
04:44 Scout Tower
04:44 Scout Tower
05:03 Scout Tower
05:16 Guard Tower
05:19 Scout Tower
05:19 Scout Tower
06:08 Guard Tower
06:12 Scout Tower
06:13 Scout Tower
06:24 Town Hall
06:26 Scout Tower
06:26 Scout Tower
06:51 Guard Tower
06:51 Guard Tower
06:57 Barracks
07:04 Arcane Sanctum
07:50 Scout Tower
07:51 Scout Tower
07:51 Scout Tower
07:52 Scout Tower
07:53 Scout Tower
07:53 Scout Tower
08:28 Castle
08:29 Castle
08:29 Castle
08:47 Blacksmith
09:16 Barracks
09:26 Scout Tower
09:27 Scout Tower
09:28 Scout Tower
09:29 Scout Tower
10:12 Farm
10:12 Farm
10:18 Farm
10:31 Guard Tower
10:32 Guard Tower
11:48 Town Hall
12:32 Gryphon Aviary
14:05 Scout Tower
14:05 Scout Tower
14:11 Scout Tower
14:12 Scout Tower
14:14 Scout Tower
14:15 Scout Tower
14:17 Scout Tower
14:18 Scout Tower
16:00 Farm
16:02 Farm
16:42 Guard Tower
17:06 Scout Tower
17:07 Scout Tower
17:08 Scout Tower
17:09 Scout Tower
17:11 Scout Tower
17:12 Scout Tower
17:22 Guard Tower
18:12 Guard Tower
18:12 Guard Tower
18:18 Farm
18:50 Gryphon Aviary
18:54 Farm
28:14 Altar of Kings
28:19 Farm
28:59 Farm
» items
| Scroll of Regeneration | 1 | |
| Lesser Clarity Potion | 3 | |
| Mechanical Critter | 1 | |
| Staff of Sanctuary | 1 | |
| Orb of Fire | 1 | |
| Orb of Lightning | 1 | |
| Healing Salve | 1 | |
| Tiny Great Hall | 1 | |
10 total
TIMG4STRok (
pink | 84 APM | 3755 actions | 44:40)
7 Tauren Chieftain
3 Shockwave
3 Endurance Aura
1 Reincarnation
» actions
| Assign group hotkey | 12 | |
| Basic commands | 25 | |
| Build / train | 109 | |
| ESC pressed | 17 | |
| Enter build submenu | 51 | |
| Enter hero's abilities submenu | 7 | |
| Give item / drop item | 10 | |
| Right click | 2463 | |
| Select / deselect | 339 | |
| Select group hotkey | 465 | |
| Use ability | 257 | |
3755 total
» units
» upgrades
| Spiked Barricades | 1 | |
| Reinforced Defenses | 1 | |
2 total
» buildings
| Altar of Storms | 3 | |
| Orc Burrow | 8 | |
| War Mill | 3 | |
| Watch Tower | 33 | |
| Voodoo Lounge | 4 | |
| Stronghold | 2 | |
| Great Hall | 4 | |
| Beastiary | 2 | |
| Fortress | 2 | |
61 total
» build order
00:03 Altar of Storms
00:15 Orc Burrow
00:21 War Mill
01:34 Watch Tower
01:47 Voodoo Lounge
02:18 Watch Tower
02:39 Watch Tower
03:31 Orc Burrow
03:38 Stronghold
04:02 Great Hall
04:31 Watch Tower
04:49 Watch Tower
05:34 Watch Tower
05:52 Watch Tower
06:13 Beastiary
07:29 Watch Tower
08:18 Watch Tower
08:19 Watch Tower
08:20 Watch Tower
08:21 Watch Tower
08:22 Watch Tower
08:22 Watch Tower
08:23 Watch Tower
08:24 Watch Tower
08:24 Watch Tower
08:33 Fortress
08:40 Watch Tower
08:41 Watch Tower
08:47 Orc Burrow
09:30 Watch Tower
09:31 Watch Tower
09:34 Watch Tower
09:34 Watch Tower
09:47 Watch Tower
10:55 Watch Tower
11:35 Watch Tower
11:36 Watch Tower
11:36 Watch Tower
11:37 Watch Tower
11:38 Watch Tower
11:39 Watch Tower
11:40 Watch Tower
11:41 Watch Tower
12:16 Beastiary
13:30 Altar of Storms
13:31 Orc Burrow
14:28 War Mill
14:47 Orc Burrow
14:49 Orc Burrow
15:54 War Mill
17:14 Orc Burrow
18:05 Great Hall
19:17 Voodoo Lounge
20:57 Great Hall
26:29 Voodoo Lounge
34:11 Voodoo Lounge
37:20 Stronghold
38:19 Altar of Storms
39:39 Orc Burrow
39:52 Fortress
42:55 Great Hall
» items
| Boots of Speed | 1 | |
| Staff of Teleportation | 1 | |
| Potion of Mana | 5 | |
| Potion of Healing | 8 | |
| Lesser Clarity Potion | 12 | |
| Healing Salve | 6 | |
| Orb of Lightning | 1 | |
| Scroll of Regeneration | 2 | |
| Scroll of Town Portal | 4 | |
40 total
team 2 (loser)
S0nicXx.core64 (
yellow | 60 APM | 2695 actions | 44:39)
8 Demon Hunter
3 Mana Burn
3 Evasion
1 Metamorphosis
1 Immolation
» actions
| Basic commands | 31 | |
| Build / train | 115 | |
| Enter build submenu | 37 | |
| Enter hero's abilities submenu | 8 | |
| Give item / drop item | 1 | |
| Remove unit from queue | 1 | |
| Right click | 1270 | |
| Select / deselect | 1116 | |
| Use ability | 116 | |
2695 total
» units
| Wisp | 33 | |
| Huntress | 3 | |
| Dryad | 7 | |
| Glaive Thrower | 15 | |
| Druid of the Claw | 5 | |
| Chimaera | 10 | |
| Hippogryph | 3 | |
| Forest Troll Shadow Priest | 2 | |
78 total
» upgrades
| Abolish Magic | 1 | |
| Druid of the Claw Training | 2 | |
| Vorpal Blades | 1 | |
| Strength of the Moon | 3 | |
| Moon Armor | 2 | |
| Corrosive Breath | 1 | |
| Strength of the Wild | 2 | |
| Ultravision | 1 | |
| Druid of the Talon Training | 1 | |
| Nature's Blessing | 1 | |
15 total
» buildings
| Altar of Elders | 1 | |
| Moon Well | 9 | |
| Hunter's Hall | 1 | |
| Ancient of War | 4 | |
| Ancient Protector | 6 | |
| Tree of Ages | 3 | |
| Ancient of Wonders | 1 | |
| Ancient of Lore | 3 | |
| Tree of Life | 4 | |
| Tree of Eternity | 1 | |
| Ancient of Wind | 1 | |
| Chimaera Roost | 2 | |
36 total
» build order
00:06 Altar of Elders
00:20 Moon Well
01:40 Hunter's Hall
01:47 Moon Well
02:03 Ancient of War
02:49 Ancient Protector
03:35 Tree of Ages
03:36 Tree of Ages
04:18 Moon Well
05:14 Ancient of Wonders
06:12 Ancient of Lore
06:13 Ancient of Lore
06:51 Ancient Protector
07:21 Ancient Protector
07:41 Ancient Protector
08:25 Moon Well
09:03 Tree of Life
09:57 Ancient Protector
10:55 Moon Well
13:02 Tree of Eternity
14:23 Moon Well
15:54 Moon Well
18:26 Ancient of Wind
18:29 Moon Well
18:30 Moon Well
18:34 Tree of Life
19:59 Chimaera Roost
20:01 Chimaera Roost
22:40 Ancient Protector
26:20 Ancient of War
31:57 Tree of Life
38:17 Ancient of War
38:50 Ancient of Lore
42:10 Tree of Life
42:23 Ancient of War
» items
| Potion of Healing | 2 | |
| Staff of Preservation | 1 | |
| Moonstone | 2 | |
| Scroll of Town Portal | 2 | |
7 total
ScHwArZe]SoNNe (
green | 42 APM | 1877 actions | 44:28)
4 Blademaster
2 Wind Walk
2 Critical Strike
» actions
| Assign group hotkey | 35 | |
| Basic commands | 50 | |
| Build / train | 51 | |
| ESC pressed | 5 | |
| Enter build submenu | 27 | |
| Enter hero's abilities submenu | 4 | |
| Give item / drop item | 2 | |
| Right click | 639 | |
| Select / deselect | 422 | |
| Select group hotkey | 526 | |
| Use ability | 116 | |
1877 total
» units
| Peon | 17 | |
| Demolisher | 7 | |
| Obsidian Statue | 1 | |
| Meatwagon | 2 | |
| Frost Wyrm | 1 | |
28 total
» upgrades
| Burning Oil | 1 | |
| Ranged Weapons | 1 | |
2 total
» buildings
| Altar of Storms | 2 | |
| Orc Burrow | 6 | |
| War Mill | 2 | |
| Watch Tower | 10 | |
| Voodoo Lounge | 1 | |
| Great Hall | 1 | |
| Stronghold | 1 | |
| Barracks | 3 | |
| Fortress | 1 | |
27 total
» build order
00:09 Altar of Storms
00:12 Orc Burrow
03:52 War Mill
05:12 Watch Tower
05:26 Voodoo Lounge
18:50 Great Hall
22:23 Watch Tower
22:25 Watch Tower
22:26 Watch Tower
24:10 Stronghold
24:30 Barracks
24:31 Barracks
26:32 Fortress
26:39 Orc Burrow
28:13 Orc Burrow
32:08 Orc Burrow
34:02 Barracks
34:06 Altar of Storms
34:10 War Mill
34:16 Orc Burrow
35:35 Watch Tower
35:51 Watch Tower
36:00 Orc Burrow
36:50 Watch Tower
36:53 Watch Tower
36:58 Watch Tower
37:27 Watch Tower
» items
| Potion of Healing | 1 | |
| Lesser Clarity Potion | 7 | |
| Healing Salve | 3 | |
| Scroll of Speed | 3 | |
14 total
tNt]sMoKe)N(fLy (
purple | 55 APM | 2302 actions | 41:46)
6 Paladin
2 Holy Light
3 Devotion Aura
1 Resurrection
» actions
| Assign group hotkey | 52 | |
| Basic commands | 14 | |
| Build / train | 106 | |
| Enter build submenu | 19 | |
| Enter hero's abilities submenu | 6 | |
| Give item / drop item | 3 | |
| Remove unit from queue | 6 | |
| Right click | 961 | |
| Select / deselect | 581 | |
| Select group hotkey | 447 | |
| Use ability | 107 | |
2302 total
» units
| Peasant | 13 | |
| Footman | 22 | |
| Siege Engine | 12 | |
| Knight | -1 | |
| Mortar Team | 15 | |
| Frost Wyrm | 1 | |
62 total
» upgrades
| Defend | 1 | |
| Barrage | 1 | |
| Fragmentation Shards | 1 | |
| Flare | 1 | |
| Plating | 3 | |
| Gunpowder | 3 | |
| Swords | 2 | |
12 total
» buildings
| Altar of Kings | 1 | |
| Farm | 12 | |
| Barracks | 1 | |
| Scout Tower | 1 | |
| Arcane Tower | 1 | |
| Arcane Vault | 1 | |
| Town Hall | 1 | |
| Keep | 1 | |
| Lumber Mill | 1 | |
| Castle | 1 | |
| Blacksmith | 1 | |
| Workshop | 4 | |
| Guard Tower | 3 | |
| Spirit Tower | 2 | |
31 total
» build order
00:10 Altar of Kings
00:15 Farm
00:28 Barracks
00:41 Farm
01:37 Scout Tower
02:06 Arcane Tower
02:11 Farm
02:41 Farm
03:54 Arcane Vault
04:37 Town Hall
05:22 Farm
07:07 Keep
08:03 Lumber Mill
08:05 Farm
08:07 Farm
08:07 Farm
09:47 Castle
11:35 Blacksmith
12:23 Workshop
12:26 Workshop
13:08 Guard Tower
13:10 Guard Tower
13:12 Guard Tower
16:32 Farm
16:34 Farm
16:34 Farm
16:35 Farm
24:21 Workshop
24:23 Workshop
38:54 Spirit Tower
38:57 Spirit Tower
» items
| Scroll of Regeneration | 4 | |
| Lesser Clarity Potion | 3 | |
| Potion of Mana | 1 | |
| Ivory Tower | 3 | |
11 total
Und34d_G1rl (
orange | 200 APM | 7249 actions | 36:14)
8 Death Knight
3 Death Coil
3 Unholy Aura
1 Animate Dead
1 Death Pact
7 Lich
3 Frost Nova
2 Frost Armor
1 Dark Ritual
1 Death and Decay
» actions
| Assign group hotkey | 33 | |
| Basic commands | 182 | |
| Build / train | 78 | |
| ESC pressed | 6 | |
| Enter build submenu | 31 | |
| Enter hero's abilities submenu | 15 | |
| Right click | 2550 | |
| Select / deselect | 538 | |
| Select group hotkey | 3659 | |
| Use ability | 157 | |
7249 total
» units
| Acolyte | 13 | |
| Ghoul | 3 | |
| Crypt Fiend | 8 | |
| Frost Wyrm | 15 | |
| Meatwagon | 3 | |
42 total
» upgrades
| Creature Attack | 3 | |
| Web | 1 | |
| Freezing Breath | 1 | |
| Creature Carapace | 3 | |
8 total
» buildings
| Graveyard | 1 | |
| Crypt | 1 | |
| Altar of Darkness | 1 | |
| Ziggurat | 11 | |
| Tomb of Relics | 2 | |
| Halls of the Dead | 1 | |
| Black Citadel | 1 | |
| Sacrificial Pit | 1 | |
| Boneyard | 4 | |
| Necropolis | 3 | |
| Slaughterhouse | 3 | |
29 total
» build order
00:08 Graveyard
00:11 Crypt
00:33 Altar of Darkness
00:37 Ziggurat
00:39 Ziggurat
00:58 Tomb of Relics
01:30 Ziggurat
02:16 Halls of the Dead
02:47 Ziggurat
03:19 Ziggurat
03:37 Ziggurat
03:39 Ziggurat
04:14 Ziggurat
04:15 Ziggurat
04:42 Black Citadel
04:56 Sacrificial Pit
04:58 Ziggurat
07:10 Boneyard
07:11 Boneyard
07:12 Boneyard
07:46 Boneyard
08:34 Ziggurat
15:00 Necropolis
20:01 Necropolis
24:37 Necropolis
33:13 Tomb of Relics
33:15 Slaughterhouse
33:17 Slaughterhouse
33:18 Slaughterhouse
» items
| Rod of Necromancy | 1 | |
| Lesser Clarity Potion | 1 | |
| Healing Salve | 1 | |
| Orb of Corruption | 1 | |
| Scroll of Healing | 1 | |
| Scroll of Town Portal | 1 | |
| Potion of Healing | 2 | |
8 total
Chat log
(00:28 / All) Und34d_G1rl: gl hf !
(00:52 / Allies) RoganJosh.Yum: a teasy
(08:31 / Allies) TIMG4STRok: $$$
(08:46 / All) tNt]sMoKe)N(fLy: why so much tower
(12:35 / All) AlasPoorYorick: owned
(12:39 / All) tNt]sMoKe)N(fLy: haha
(12:41 / All) ScHwArZe]SoNNe: u call it owned?
(12:44 / All) ScHwArZe]SoNNe: xD
(12:44 / All) AlasPoorYorick: yes
(12:47 / All) ScHwArZe]SoNNe: mmhh kay
(12:49 / All) AlasPoorYorick: you should watch the replay if you disagree
(12:54 / All) tNt]sMoKe)N(fLy: u are the biggest noobs i 've ever seen
(13:00 / All) AlasPoorYorick: since when
(15:10 / All) Und34d_G1rl: pro boys :)
(17:27 / All) Und34d_G1rl: thanks for waste of time :(
(17:41 / All) S0nicXx.core64: b0oring tr noob .. this is not Green TD :D:D:D:D:D
(20:52 / All) S0nicXx.core64: lol teal :D
(22:03 / All) Und34d_G1rl: leave now ty :(
(22:05 / All) Und34d_G1rl: waste time for all
(23:20 / All) S0nicXx.core64: gays
(23:29 / All) MasonryUpgrade: manner game pleaze
(23:35 / All) S0nicXx.core64: shup up
(23:37 / All) S0nicXx.core64: Green Td
(24:59 / All) ScHwArZe]SoNNe: u have rl? or why wanna play long game?
(26:54 / All) Und34d_G1rl: waaaste ooooof tiiime (8)
(26:54 / All) tNt]sMoKe)N(fLy: nerds
(26:56 / All) tNt]sMoKe)N(fLy: tT
(36:22 / All) TIMG4STRok: ?
(41:49 / All) AlasPoorYorick: wow
(41:50 / All) TIMG4STRok: ???
(41:51 / All) MasonryUpgrade: gg
(44:32 / All) TIMG4STRok: ???
(44:37 / All) S0nicXx.core64: Gg noobs